Map: [ESL] Gresvan

Players

IGXY (XY)

  • Race: Terran Terran
  • Spawn Location: 11:00

Oliveira - Winner!

  • Race: Terran Terran
  • Spawn Location: 5:00

Event: ESL SC2 Masters 2023 Summer (Regionals)

VOD

Have the link to the VOD?

Description

Time

  • Played on: May 20, 2023, 7:10 a.m.
  • Length: 7:46

All games in this series

Show
View Real Time Build Order
Export as new Build Order

IGXY Terran 

Build Orders:  

Get SALT Encoding   

  12  0:00  SCV  
  13  0:12  SCV  
  14  0:17  Supply Depot  
  14  0:24  SCV  
  15  0:38  SCV  
  15  0:40  Barracks  
  16  0:44  Refinery  
  16  0:50  SCV  
  17  1:01  Refinery  
  17  1:02  SCV  
  18  1:14  SCV  
  19  1:26  Reaper  
  19  1:27  Orbital Command  
  19  1:28  Supply Depot  
  20  1:45  Factory  
  20  1:52  SCV  
  21  1:59  Reaper  
  22  2:04  SCV  
  23  2:16  SCV, Command Center  
  24  2:29  SCV, Hellion  
  27  2:31  Reaper  
  27  2:33  Supply Depot  
  28  2:41  SCV  
  29  2:50  Hellion  
  31  2:53  Starport  
  31  2:55  SCV  
  32  3:03  Barracks Reactor  
  32  3:07  SCV  
  32  3:11  Factory Tech Lab  
  33  3:18  Refinery  
  33  3:19  SCV  
  34  3:27  Orbital Command  
  34  3:31  SCV  
  34  3:32  Cyclone  
  34  3:33  Starport Tech Lab  
  38  3:40  Marine x2  
  40  3:43  SCV  
  41  3:51  Raven  
  41  3:52  Supply Depot  
  41  3:53  SCV  
  41  3:55  SCV  
  45  3:58  Marine  
  45  3:59  Marine  
  47  4:05  SCV, Siege Tank  
  47  4:07  SCV  
  52  4:12  Refinery  
  52  4:16  Marine x2  
  54  4:17  SCV  
  54  4:19  SCV  
  56  4:26  Raven  
  56  4:29  SCV  
  59  4:31  SCV  
  59  4:32  Supply Depot  
  59  4:33  Starport  
  59  4:38  Marine x2  
  62  4:47  Supply Depot  
  62  4:54  SCV x2, Siege Tank, Supply Depot  
  62  4:57  Supply Depot  
  67  5:06  SCV x2  
  69  5:12  Viking x2  
  73  5:15  Viking  
  73  5:18  SCV x2  
  77  5:24  Marine  
  77  5:26  Siege Tank  
  81  5:30  Supply Depot  
  81  5:31  SCV x2  
  83  5:42  Viking x2  
  85  5:45  Viking  
  85  5:48  Marine, Supply Depot  
  90  5:57  Supply Depot  
  90  5:58  Siege Tank  
  90  6:00  SCV x2  
  95  6:12  Viking x2  
  95  6:15  Viking  
  95  6:17  Marine  
  102  6:19  Supply Depot  
  102  6:23  Supply Depot  
  102  6:30  Siege Tank  
  105  6:35  Marine  
  106  6:48  Viking x2, Command Center  
  106  6:53  Marine  
  98  7:02  Siege Tank  
  77  7:11  Marine  
  77  7:13  SCV  
  52  7:25  SCV  
Show
View Real Time Build Order
Export as new Build Order

Oliveira Terran - Winner!

Build Orders:  

Get SALT Encoding   

  12  0:00  SCV  
  13  0:12  SCV  
  14  0:17  Supply Depot  
  14  0:24  SCV  
  15  0:38  SCV  
  15  0:40  Barracks  
  16  0:43  Refinery  
  16  0:50  SCV  
  17  0:59  Barracks  
  17  1:02  SCV  
  18  1:15  SCV  
  19  1:28  Orbital Command, Reaper  
  19  1:30  Supply Depot  
  20  1:46  Reaper  
  21  1:53  SCV  
  22  2:05  SCV, Barracks Reactor  
  23  2:09  Command Center  
  23  2:18  SCV  
  23  2:21  Refinery, Barracks Tech Lab  
  24  2:28  Bunker  
  24  2:30  SCV  
  24  2:35  Supply Depot  
  25  2:42  SCV  
  25  2:44  Marine x3  
  29  2:53  Factory  
  29  2:57  SCV  
  30  3:01  Marine  
  30  3:02  Marine  
  32  3:10  SCV  
  33  3:20  Barracks Tech Lab  
  33  3:22  Orbital Command  
  33  3:23  SCV  
  33  3:24  Marine x2  
  36  3:35  SCV  
  36  3:40  Starport  
  37  3:45  Cyclone  
  37  3:48  SCV x2  
  42  3:50  Stimpack  
  42  3:52  Supply Depot  
  42  3:55  Marine  
  42  3:57  Marine  
  42  3:58  Marine  
  42  4:00  SCV  
  42  4:02  SCV  
  47  4:13  SCV  
  47  4:14  SCV  
  49  4:22  Command Center  
  49  4:26  SCV x2, Factory Reactor  
  49  4:28  Supply Depot  
  49  4:29  Marine  
  49  4:30  Marine  
  53  4:32  Marine  
  53  4:38  SCV x2  
  56  4:43  Raven  
  58  4:47  Marine  
  58  4:48  Marine  
  58  4:50  SCV x2  
  62  4:54  Barracks, Marine, Supply Depot  
  63  5:02  SCV x2  
  65  5:07  Engineering Bay x2  
  65  5:10  Refinery  
  65  5:11  Marine, Refinery  
  65  5:13  Marine  
  67  5:14  SCV  
  67  5:15  SCV  
  69  5:22  Siege Tank  
  69  5:26  Medivac x2  
  69  5:28  SCV  
  77  5:30  SCV  
  77  5:33  Marine x2  
  80  5:36  Orbital Command  
  80  5:39  Supply Depot  
  80  5:41  Combat Shield  
  80  5:44  SCV, Marine  
  80  5:46  SCV  
  83  5:50  Terran Infantry Weapons Level 1  
  83  5:54  Marine x2, Supply Depot  
  83  5:56  SCV  
  86  6:03  Starport Reactor  
  86  6:05  Orbital Command  
  86  6:09  Marine x2, Siege Tank  
  91  6:11  SCV  
  91  6:13  SCV  
  91  6:18  Barracks x2  
  93  6:21  Marine  
  93  6:22  Marine  
  93  6:23  Marine  
  97  6:25  SCV  
  97  6:27  SCV  
  97  6:28  Supply Depot  
  97  6:31  SCV  
  99  6:36  Marine  
  99  6:37  Marine, SCV  
  102  6:40  SCV  
  102  6:43  Marine, Supply Depot  
  103  6:51  Marine  
  103  6:52  SCV  
  98  6:55  Marine  
  98  6:57  SCV  
  98  7:06  Marine x2  
  80  7:09  Marine  
  80  7:11  Marine  
  80  7:13  Medivac x2, Siege Tank  
  80  7:14  Marine x2  
  73  7:17  Marine  
  73  7:20  SCV x2  
  69  7:24  Marine x2  
  69  7:27  Marine  
  72  7:32  SCV  
Tags
 
Add a new tag
Caveats
  • Supply blocks, unpowered buildings, or Contaminate may cause inaccurate times.
  • Supply counts are checked every 10 seconds.